 Dungeon Sprint DCSS version 0.28-a0-697-g47f3eba078 (webtiles) character file.

Game seed: 8670243590094609723

15 tatocazan the Cleaver (level 8, -1/69 HPs)
             Began as a Demonspawn Fighter on Oct 23, 2021.
             Was an Elder of Uskayaw.
             Slain by an ice devil (2 damage)
             ... in the Dungeon (Sprint VI: "Thunderdome").
             The game lasted 00:04:00 (417 turns).

tatocazan the Cleaver (Demonspawn Fighter)           Turns: 417, Time: 00:04:01

Health: -1/69      AC:  9    Str: 20    XL:     8   Next: 43%
Magic:  13/14      EV: 11    Int:  9    God:    Uskayaw [****..]
Gold:   50         SH:  6    Dex: 12    Spells: 7/7 levels left

rFire   + + .      SeeInvis .   a - +0 war axe
rCold   + . .      Faith    .   c - +0 buckler
rNeg    + . .      Spirit   .   b - +0 scale mail
rPois   +          Reflect  .   (helmet restricted)
rElec   .          Harm     .   (no cloak)
rCorr   .          Rampage  .   (no gloves)
Will    +....      NoTele   +   (no boots)
Stlth   ..........              (no amulet)
HPRegen 0.21/turn               q - ring of Zeischig {rC+ Slay+2}
MPRegen 0.14/turn               p - ring "Licsoxt" {Drain rPois rF++ rN+ Will+}

@: no status effects
A: horns 2, powered by death 1, spiny 1, sharp scales 1
a: Renounce Religion, Stomp, Line Pass


You were in the Dungeon.
You worshipped Uskayaw.
Uskayaw was aware of your devotion.
You visited 1 branch You collected 230 gold pieces.
You spent 180 gold pieces at shops.

Inventory:

Hand Weapons
 a - a +0 war axe (weapon)
Armour
 b - a +0 scale mail (worn)
 c - a +0 buckler (worn)
Jewellery
 p - the ring "Licsoxt" (right hand) {Drain rPois rF++ rN+ Will+}
   (You bought it in a shop in the Dungeon)

   [ring of willpower]

   rF:        It greatly protects you from fire.
   rPois:     It protects you from poison.
   rN:        It protects you from negative energy.
   Drain:     It drains your maximum health when unequipped.
   Will:      It increases your willpower.
 q - the ring of Zeischig (left hand) {rC+ Slay+2}
   (You bought it in a shop in the Dungeon)

   [ring of protection from cold]

   Slay:      It affects your accuracy & damage with ranged weapons and melee
   (+2).
   rC:        It protects you from cold.
Wands
 l - a wand of iceblast (5)
Scrolls
 j - 4 scrolls of blinking
 m - 3 scrolls of fog
Potions
 d - a potion of might
 g - 4 potions of haste
 h - 2 potions of magic
 i - a potion of berserk rage
 n - a potion of resistance


   Skills:
 + Level 8.3 Fighting
 * Level 10.4 Axes
 + Level 7.6 Armour
 + Level 3.4 Dodging
 + Level 7.6 Shields
 + Level 8.1 Invocations


You had 7 spell levels left.
You didn't know any spells.
Your spell library was empty.

Dungeon Overview and Level Annotations

Branches:
Dungeon (1/1)

Altars:
Cheibriados
Dithmenos
Fedhas
Gozag
Kikubaaqudgha
Makhleb
Okawaru
Qazlal
Ru
Sif Muna
Trog
Uskayaw
Vehumet
Wu Jian
Xom
Yredelemnul
Zin
The Shining One
Beogh
Jiyva
Lugonu

Shops:
D *[??*?*:[((!!!!


Innate Abilities, Weirdness & Mutations

You have a pair of horns on your head.
You regenerate a little health from kills.
You are partially covered in sharp spines.
You are partially covered in razor-sharp scales. (AC +1, Slay +1)


Message History

* * * LOW HITPOINT WARNING * * *
The ice devil barely misses you.
Uskayaw will force your foes to helplessly watch your dance.
Uskayaw prepares the audience for your solo!
You take 2 damage, and have 13/61 hp.
The helpless ice devil fails to defend itself.
You slash the ice devil! You headbutt the ice devil.
You kill the ice devil!
Your Fighting skill increases to level 8!
Your Axes skill increases to level 10!
You have reached level 8!
You feel stronger.
Your demonic ancestry asserts itself...
A wave of death washes over you.
You regained 2 hp, and now have 15/68 hp.
MP restored: 13 The orange demon is no longer paralysed.
The orange demon barely misses you. You block the orange demon's attack.
You slice the orange demon!!
The orange demon is almost dead.
The orange demon barely misses you. The orange demon closely misses you.
Uskayaw will force your foes to share their pain.
You slash the orange demon!
You kill the orange demon!
An ice devil comes into view.
Your Dodging skill increases to level 3!
Your Invocations skill increases to level 8!
A rust devil comes into view.
The rust devil screeches!
A red devil comes into view. It is wielding a +0 trident.
Uskayaw prepares the audience for your solo! 50...
The rust devil is no longer paralysed.
The ice devil is no longer paralysed.
The red devil is no longer paralysed.
The ice devil hits you.
* * * LOW HITPOINT WARNING * * *
The ice devil freezes you! You resist.
* * * LOW HITPOINT WARNING * * *
Uskayaw links your audience in an emotional bond!
You take 15 damage, and have 1/69 hp.
MASSIVE DAMAGE!!
You closely miss the ice devil. The ice devil hits you.
You die...

#⌠...........⌠#
######.8........†8.#
##._._......###......
###∩.....†..8.# #.8....
##.............###.....[
#§.4........###...###...
#⌠.4........# #.<.# #...
#⌠....4.....###...###...
##.....@.......###......
###∩........8.# #.8....
##∩___......###......
######.8.........8.#
#⌠...........§#
###.........###
#_......._# #_......._#
#_......._#


You could see an ice devil (pain bonded), a rust devil (pain bonded) and a red
devil (pain bonded).

Vanquished Creatures
  2 orange demons (D)
  An ice devil (D)
  2 redbacks (D)
  Sigmund (D)
  2 scorpions (D)
  A jelly (D)
  A ball python (D)
  A giant cockroach (D)
11 creatures vanquished.

Notes
Turn   | Place    | Note
-------+----------+-------------------------------------------
     0 | D        | tatocazan the Demonspawn Fighter began the quest for the
                  | Orb.
     0 | D        | Reached XP level 1. HP: 18/18 MP: 1/1
     1 | D        | Found an ancient bone altar of Kikubaaqudgha.
     1 | D        | Found a stormy altar of Qazlal.
     2 | D        | Found a shadowy altar of Dithmenos.
     3 | D        | Found an iron altar of Okawaru.
     3 | D        | Found a shimmering altar of Xom.
     4 | D        | Found an ornate altar of the Wu Jian Council.
     4 | D        | Found a shimmering blue altar of Sif Muna.
     4 | D        | Found Miamimp's Identification Station.
     5 | D        | Found Waghefid's Jewellery.
     5 | D        | Found Gotwiol's Advanced Armour.
     5 | D        | Round 1.
     9 | D        | Found a radiant altar of Vehumet.
    10 | D        | Found a snail-covered altar of Cheibriados.
    11 | D        | Found a viscous altar of Jiyva.
    11 | D        | Found an opulent altar of Gozag.
    11 | D        | Found a burning altar of Makhleb.
    11 | D        | Found Todo's Premium Goods.
    11 | D        | Found Gashal's Weapon Rack.
    12 | D        | Found Tengirut's Miscellaneous Merchandise.
    12 | D        | Found Beckum's Basic Armour.
    15 | D        | Found a sacrificial altar of Ru.
    16 | D        | Found a bloodstained altar of Trog.
    17 | D        | Found a blossoming altar of Fedhas.
    18 | D        | Found Quzxotal's Do-It-Yourself Clinic.
    19 | D        | Found Ocuimnui's Bottled Wisdom.
    19 | D        | Found Gadejy's Distillery.
    20 | D        | Found a corrupted altar of Lugonu.
    20 | D        | Found Zaypezxi's Distillery.
    20 | D        | Noticed Sigmund
    30 | D        | Killed Sigmund
    31 | D        | Reached skill level 5 in Fighting
    31 | D        | Reached skill level 6 in Axes
    31 | D        | Reached skill level 5 in Armour
    31 | D        | Reached skill level 5 in Shields
    31 | D        | Gained mutation: You are partially covered in razor-sharp
                  | scales. (AC +1, Slay +1) [demonic ancestry]
    31 | D        | Reached XP level 2. HP: 14/27 MP: 2/2
    31 | D        | Reached XP level 3. HP: 18/33 MP: 3/3
    31 | D        | Gained mutation: You are partially covered in sharp spines.
                  | [demonic ancestry]
    31 | D        | Reached XP level 4. HP: 21/39 MP: 4/4
    31 | D        | Gained mutation: You have a pair of small horns on your
                  | head. [demonic ancestry]
    31 | D        | Reached XP level 5. HP: 24/44 MP: 5/5
    31 | D        | Found a hide-covered altar of Uskayaw.
    33 | D        | Found Hihexkic's Staff Store.
    34 | D        | Found Xiapsin's Must-Have Magic.
    34 | D        | Found Kor Geh's Magic Scroll Shop.
    39 | D        | Became a worshipper of Uskayaw the Reveller
   124 | D        | Reached * piety under Uskayaw
   126 | D        | Reached ** piety under Uskayaw
   127 | D        | Reached skill level 1 in Invocations
   130 | D        | Found a basalt altar of Yredelemnul.
   130 | D        | Found Gapukore's Magic Scroll Shop.
   168 | D        | Arena points: 5 (+5) [x1]
   183 | D        | Round 2.
   190 | D        | Reached skill level 7 in Axes
   203 | D        | Noticed a redback
   208 | D        | Killed a redback
   209 | D        | Reached skill level 8 in Axes
   209 | D        | Gained mutation: You have a pair of horns on your head.
                  | [demonic ancestry]
   209 | D        | Reached XP level 6. HP: 51/53 MP: 7/9
   210 | D        | Reached *** piety under Uskayaw
   212 | D        | Reached skill level 5 in Invocations
   231 | D        | Noticed a redback
   239 | D        | Killed a redback
   240 | D        | Reached skill level 9 in Axes
   240 | D        | Reached XP level 7. HP: 22/60 MP: 9/11
   249 | D        | Bought an ancient amber ring for 45 gold pieces
   249 | D        | Identified the ring of the Scarab {rF+ rC++ EV+4 Int+3
                  | Slay-3} (You bought it in a shop in the Dungeon)
   249 | D        | Bought a clouded platinum ring for 45 gold pieces
   249 | D        | Identified the ring "Busso" {Fly rPois Str-5 Stlth+} (You
                  | bought it in a shop in the Dungeon)
   249 | D        | Bought a faintly glowing marble ring for 45 gold pieces
   249 | D        | Identified the ring "Licsoxt" {Drain rPois rF++ rN+ Will+}
                  | (You bought it in a shop in the Dungeon)
   249 | D        | Bought a crude gossamer ring for 45 gold pieces
   249 | D        | Identified the ring of Zeischig {rC+ Slay+2} (You bought it
                  | in a shop in the Dungeon)
   276 | D        | Arena points: 15 (+10) [x1]
   291 | D        | Round 3.
   339 | D        | Noticed an orange demon
   351 | D        | Killed an orange demon
   384 | D        | Noticed an ice devil
   400 | D        | Noticed an orange demon
   409 | D        | Killed an ice devil
   410 | D        | Reached skill level 10 in Axes
   410 | D        | Gained mutation: You regenerate a little health from kills.
                  | [demonic ancestry]
   410 | D        | Reached XP level 8. HP: 15/68 MP: 13/13
   411 | D        | Reached **** piety under Uskayaw
   412 | D        | Killed an orange demon
   412 | D        | Noticed an ice devil
   414 | D        | Noticed a rust devil
   414 | D        | Noticed a red devil
   416 | D        | HP: 1/69 [ice devil (10)]
   417 | D        | Slain by an ice devil

Illustrated notes

Levels and vault maps discovered:
D:        arena_sprint

Skill      XL: |  1  2  3  4  5  6  7  8 |
---------------+-------------------------+-----
Fighting       | 5 6 7 8 |  8.3
Axes           | 6 8 9 10 | 10.4
Armour         | 5 6 7 |  7.6
Shields        | 5 6 7 |  7.6
Invocations    | 4 6 7 8 |  8.1
Dodging        | 2 3 |  3.4

Action                   |  1- 3 |  4- 6 |  7- 9 || total
-------------------------+-------+-------+-------++-------
Melee: War axe           |     6 |    17 |    15 ||    38
       Headbutt          |       |     6 |     6 ||    12
Evoke: Wand              |       |     2 |     3 ||     5
  Use: Potion            |       |     1 |     4 ||     5
 Stab: Paralysed         |       |     1 |     2 ||     3
Armor: Scale mail        |     3 |     5 |     4 ||    12
Dodge: Dodged            |     3 |     2 |    10 ||    15
Block: Buckler           |       |     6 |     5 ||    11

Table legend: (Time is in decaauts)
 A = Elapsed time spent in this place.
 B = Non-inter-level travel time spent in this place.
 C = Inter-level travel time spent in this place.
 D = Time resting spent in this place.
 E = Time spent auto-exploring this place.
 F = Levels seen in this place.
 G = Mean time per level.
                   A        B        C        D        E       F      G
               +--------+--------+--------+--------+--------+-----+--------+
         Total |    421 |    421 |      0 |    199 |     62 |   1 |  421.0 |
       Dungeon |    421 |    421 |      0 |    199 |     62 |   1 |  421.0 |
               +--------+--------+--------+--------+--------+-----+--------+

Top non-repeatable levels by time:
       D: 421 daAuts
